 Dungeon Crawl Stone Soup version 0.30.0-17-ge0270778cf (webtiles) character file.

Game seed: 527182186100809593

256 Edyrem the Trooper (level 6, 0/48 HPs)
             Began as a Formicid Fighter on May 23, 2023.
             Slain by superbruh's ghost (11 damage)
             ... on level 4 of the Dungeon.
             The game lasted 00:07:39 (2975 turns).

Edyrem the Trooper (Formicid Fighter)               Turns: 2975, Time: 00:07:39

Health: 0/48       AC:  9    Str: 22    XL:     6   Next: 39%
Magic:  6/6        EV:  9    Int:  8    God:
Gold:   194        SH:  5    Dex: 13    Spells: 5/5 levels left

rFire   . . .        a - +2 morningstar (protect)
rCold   . . .        c - +0 buckler
rNeg    . . .        A - +0 chain mail
rPois   .            (helmet unavailable)
rElec   .            (no cloak)
rCorr   .            (no gloves)
SInv    +            (no boots)
Will    +....        s - amulet of faith Stlth
                     l - ring of willpower
HPRegen 0.28/turn    (no ring)
MPRegen 0.10/turn

%: faith
@: no status effects
A: permanent stasis, dig shafts and tunnels, antennae 3, four strong arms
a: Dig, Shaft Self


You were on level 4 of the Dungeon.
You visited 2 branches of the dungeon, and saw 5 of its levels.

You collected 194 gold pieces.

Inventory:

Hand Weapons
 a - a +2 morningstar of protection (weapon)
 b - a +2 vampiric hand axe
 y - a +6 club
 z - a +0 war axe
Armour
 c - a +0 buckler (worn)
 n - an orb of light
 u - a +0 scale mail
 A - a +0 chain mail (worn)
Jewellery
 l - a ring of willpower (left hand)
 s - an amulet of faith (around neck)
Scrolls
 e - a scroll of teleportation {unknown}
 f - 2 scrolls of fear {unknown}
 g - 3 scrolls of silence {unknown}
 i - a scroll of immolation {unknown}
 j - 10 scrolls of identify {unknown}
 k - a scroll of amnesia {unknown}
 m - a scroll of acquirement {unknown}
 o - a scroll of enchant weapon {unknown}
 q - a scroll of noise {unknown}
 r - 2 scrolls of blinking {unknown}
 v - a scroll of magic mapping {unknown}
Potions
 d - a potion of might
 h - a potion of mutation {unknown}
 p - a potion of curing {unknown}
 t - 2 potions of attraction {unknown}
 w - a potion of heal wounds {unknown}
 x - a potion of berserk rage {unknown}


   Skills:
 - Level 4.1 Fighting
 - Level 2.8 Axes
 - Level 4.0 Armour
 + Level 4.0 Dodging
 - Level 4.0 Shields


You had 5 spell levels left.
You didn't know any spells.
Your spell library was empty.

Dungeon Overview and Level Annotations

Branches:
Dungeon (4/15)             Temple (1/1) D:4

Altars:
Ashenzari
Cheibriados
Dithmenos
Elyvilon
Fedhas
Gozag
Kikubaaqudgha
Makhleb
Nemelex Xobeh
Qazlal
Ru
Trog
Uskayaw
Wu Jian
Xom
Yredelemnul
The Shining One

Shops:
D:1 *(:?

Annotations:
D:4 superbruh's ghost, amateur MfGl


Innate Abilities, Weirdness & Mutations

You cannot be hasted, slowed, berserked, paralysed or teleported.
You can dig through walls and to a lower floor.
You have a pair of large antennae on your head. (SInv)
Your four strong arms can wield two-handed weapons with a shield.


Message History

Superbruh's ghost is lightly damaged.
Superbruh's ghost hits you but does no damage.
Superbruh's ghost hits you.
You closely miss superbruh's ghost.
Superbruh's ghost is lightly damaged.
Superbruh's ghost hits you.
You hit superbruh's ghost but do no damage.
Your weapon exudes an aura of protection.
Superbruh's ghost is lightly damaged.
Superbruh's ghost hits you but does no damage.
Superbruh's ghost barely misses you.
You miss superbruh's ghost.
Superbruh's ghost is lightly damaged.
Superbruh's ghost stares at you. Superbruh's ghost hits you.
You hit superbruh's ghost.
Superbruh's ghost is moderately damaged.
You block superbruh's ghost's attack.
You barely miss superbruh's ghost.
Superbruh's ghost is moderately damaged.
Superbruh's ghost hits you. Superbruh's ghost barely misses you.
You miss superbruh's ghost.
Superbruh's ghost is moderately damaged.
Superbruh's ghost hits you but does no damage.
You sock superbruh's ghost!
Superbruh's ghost is heavily damaged.
Superbruh's ghost hits you. x2
You barely miss superbruh's ghost.
Superbruh's ghost is heavily damaged.
Superbruh's ghost hits you!
* * * LOW HITPOINT WARNING * * *
You miss superbruh's ghost.
Superbruh's ghost is heavily damaged.
You block superbruh's ghost's attack.
Superbruh's ghost whispers, "The ORB doesn't exist."
Superbruh's ghost hits you but does no damage.
You barely miss superbruh's ghost.
Superbruh's ghost is heavily damaged.
Superbruh's ghost hits you!
You die...

# #.##..##..# #.# # #.###.###.###
##.# # ######.# #.......## #..#
## #......# #####....###.## .#
######.###### ###......###
.###......# #.###....#
.....###### ###### #.###.#†..
...############..#.♣####.##..#...
................@W$8#.......##...
...############..#.♣####..#......
#### ###### ##...##... ######...
#... #..> ####


You could see superbruh's ghost.

Vanquished Creatures
  A bullfrog (D:4)
  An orc priest (D:4)
  An orc wizard (D:4)
  Robin (D:2)
  An adder (D:4)
  An ufetubus (D:4)
  A worm (D:2)
  A dart slug (D:3)
  4 orcs
  7 ball pythons
  13 endoplasms
  3 giant cockroaches
  17 goblins
  14 hobgoblins
  9 jackals
  A quokka (D:4)
  6 bats
  4 frilled lizards
  3 kobolds
  5 rats
94 creatures vanquished.

Notes
Turn   | Place    | Note
-------+----------+-------------------------------------------
     0 | D:1      | Edyrem the Formicid Fighter began the quest for the Orb.
     0 | D:1      | Reached XP level 1. HP: 18/18 MP: 1/1
     3 | D:1      | Found Mofuipsatol's Antique Weapon Boutique.
     5 | D:1      | Found Ifyts's Magic Scroll Emporium.
   119 | D:1      | Reached XP level 2. HP: 24/24 MP: 2/2
   198 | D:1      | Found Fummuny's Book Emporium.
   452 | D:1      | Found Areonkof's Assorted Antiques.
   491 | D:1      | Reached XP level 3. HP: 21/29 MP: 3/3
   492 | D:1      | Reached skill level 1 in Dodging
   950 | D:2      | Noticed Robin
  1108 | D:2      | Reached XP level 4. HP: 35/37 MP: 4/4
  1183 | D:2      | You fall into a shaft and drop 2 floors!
  1329 | D:3      | Found a sparkling altar of Nemelex Xobeh.
  1329 | D:3      | Found a white marble altar of Elyvilon.
  1665 | D:2      | Killed Robin
  1862 | D:3      | Reached XP level 5. HP: 42/42 MP: 5/5
  2000 | D:3      | Found a bloodstained altar of Trog.
  2002 | D:3      | Found a basalt altar of Yredelemnul.
  2002 | D:3      | Found a hide-covered altar of Uskayaw.
  2366 | D:4      | Noticed a bullfrog
  2388 | D:4      | Killed a bullfrog
  2389 | D:4      | Reached XP level 6. HP: 42/48 MP: 6/6
  2687 | D:4      | Found a staircase to the Ecumenical Temple.
  2694 | Temple   | Entered the Ecumenical Temple
  2949 | D:4      | Found a runed translucent door.
  2950 | D:4      | Noticed superbruh's ghost (amateur MfGl)
  2975 | D:4      | Slain by superbruh's ghost

Illustrated notes

Levels and vault maps discovered:
D:1:      saegor_arrival_simple_b, layout_basic, serial_shops, shop, shop, shop,
          nicolae_shop_dealshenge
D:2:      layout_rooms, chequers_serial_rivers_large_b,
          minmay_misc_feat_secret_circle, minmay_misc_feat_four_crosses,
          chequers_serial_rivers_small_b, uniq_robin
D:3:      layout_loops_cross, chequers_temple_overflow_statue_of_worship,
          grunt_temple_overflow_diamond
D:4:      layout_rooms, minmay_temple_entry_proselytizer, gammafunk_ghost_grave
Temple:   chequers_temple_sunken

Skill      XL: |  1  2  3  4  5  6 |
---------------+-------------------+-----
Dodging        | 1 3 4 |  4.0
Fighting       | 4 |  4.1
Armour         | 4 |  4.0
Axes           | |  2.8
Shields        | |  4.0

Action                     |  1- 3 |  4- 6 || total
---------------------------+-------+-------++-------
  Melee: War axe           |   108 |    23 ||   131
         Hand axe          |       |   131 ||   131
         Morningstar       |       |    18 ||    18
 Armour: Scale mail        |    41 |    62 ||   103
         Chain mail        |       |     9 ||     9
  Dodge: Dodged            |    53 |    73 ||   126
  Block: Buckler           |    38 |    30 ||    68
